 Dungeon Crawl Stone Soup version 0.22-a0-412-g2b68d14 (webtiles) character file.

72 nikopol the Chopper (level 4, -2/41 HPs)
             Began as a Minotaur Berserker on May 12, 2018.
             Was a Believer of Trog.
             Slain by Sigmund
             ... wielding a +0 scythe
              (10 damage)
             ... on level 2 of the Dungeon.
             The game lasted 00:02:40 (1454 turns).

nikopol the Chopper (Minotaur Berserker)            Turns: 1454, Time: 00:02:41

Health: -2/41      AC:  2    Str: 21    XL:     4   Next: 7%
Magic:  3/3        EV: 12    Int:  4    God:    Trog [**....]
Gold:   86         SH:  0    Dex: 11    Spells: 3/3 levels left

rFire    . . .     SeeInvis .   a - +0 hand axe
rCold    . . .     Gourm    .   (no shield)
rNeg     . . .     Faith    .   b - +0 animal skin
rPois    .         Spirit   .   (helmet restricted)
rElec    .         Reflect  .   (no cloak)
rCorr    .         Harm     .   (no gloves)
MR       .....                  (no boots)
Stlth    +.........             (no amulet)
HPRegen  0.13/turn              (no ring)
MPRegen  0.08/turn              (no ring)

@: confused, berserk cooldown, slowed, very slow
A: retaliatory headbutt, horns 2
a: Berserk, Trog's Hand, Renounce Religion


You were on level 2 of the Dungeon.
You worshipped Trog.
Trog was pleased with you.
You were hungry.

You visited 1 branch of the dungeon, and saw 2 of its levels.

You collected 86 gold pieces.

Inventory:

Hand Weapons
 a - a +0 hand axe (weapon)
Armour
 b - a +0 animal skin (worn)
Scrolls
 d - 2 scrolls of identify {unknown}
 g - a scroll of remove curse {unknown}
 i - a scroll of teleportation {unknown}
Potions
 e - 3 potions of brilliance {unknown}
 f - a potion of ambrosia {unknown}
 j - a potion of magic {unknown}
Comestibles
 c - 2 rations


   Skills:
 + Level 4.3 Fighting
 + Level 4.8 Axes
 + Level 2.7 Armour
 + Level 2.7 Dodging
 + Level 0.4 Stealth


You had 3 spell levels left.
You didn't know any spells.
Your spell library was empty.

Dungeon Overview and Level Annotations

Branches:
Dungeon (2/15)

Altars:

Annotations:
D:2 Sigmund


Innate Abilities, Weirdness & Mutations

You reflexively headbutt those who attack you in melee.
You have a pair of horns on your head.


Message History

The frilled lizard bites you. The bat barely misses you.
You miss the frilled lizard. You hit the bat.
You kill the bat!
Trog accepts your kill.
You barely miss something.
You hear some strange, mumbled words.
You are more confused.
The frilled lizard bites you.
You bump into the rock wall.
You hear some strange, mumbled words.
A magic dart appears from out of thin air!
The magic dart hits you!
The frilled lizard bites you but does no damage.
Something hits you.
* * * LOW HITPOINT WARNING * * *
The frilled lizard bites you but does no damage.
The frilled lizard barely misses you. Something hits you but does no damage.
You see here a bat corpse.
The rat barely misses you. Something hits you!
You die...

############## ##
.............. ..
.......#########.
####.......... ..### ###
......)#####.# ...#$!..
####....###.. ##r..?[# .
##.(.....(. #@{###.# #..
#..)....#.. #.l.#l.#....
###.......#..###.#†#....#
..........#..........#
####.....##.....##.###
##...###.###.##.#
#.......# #.##.#
#..####.###.##.#
#####..####.....##>#


You could see a frilled lizard and a rat.

Vanquished Creatures
  2 adders (D:2)
  2 dart slugs (D:1)
  3 leopard geckos
  A giant cockroach (D:1)
  5 goblins
  4 hobgoblins
  12 jackals
  5 bats
  2 frilled lizards (D:1)
  5 kobolds
  4 rats
45 creatures vanquished.

Notes
Turn   | Place    | Note
-------+----------+-------------------------------------------
     0 | D:1      | nikopol the Minotaur Berserker began the quest for the Orb.
     0 | D:1      | Reached XP level 1. HP: 19/19 MP: 0/0
   111 | D:1      | Reached XP level 2. HP: 21/27 MP: 1/1
   506 | D:1      | Reached XP level 3. HP: 26/33 MP: 2/2
   511 | D:1      | Reached ** piety under Trog
  1182 | D:2      | Reached XP level 4. HP: 18/41 MP: 3/3
  1435 | D:2      | Noticed Sigmund
  1454 | D:2      | Slain by Sigmund

Vault maps used:
D:1:      roderic_chinese_lattice_arrival, minmay_misc_feat_room, st_stairs_4
D:2:      minmay_pentomino_t4, uniq_sigmund

Skill      XL: |  1  2 |
---------------+-------+-----
Axes           | 4 |  4.8
Fighting       | 4 |  4.3
Armour         | |  2.7
Dodging        | |  2.7
Stealth        | |  0.4

Action                   |  1- 3 |  4- 6 || total
-------------------------+-------+-------++-------
Melee: Hand axe          |    78 |     7 ||    85
       Headbutt          |     7 |     1 ||     8
Invok: Berserk           |       |     1 ||     1
 Stab: Sleeping          |     1 |       ||     1
  Eat: Chunk             |     1 |     1 ||     2
Armor: Animal skin       |    17 |     6 ||    23
Dodge: Dodged            |    63 |    16 ||    79

Table legend:
 A = Spawn XP
 B = Non-spawn XP
 C = Spawn XP percentage of total XP
 D = Spawn monster count
 E = Non-spawn monster count
 F = Spawn count percentage of total count
 G = Total turns spent on level
                    A         B        C        D         E        F      G
               +---------+---------+-------+---------+---------+-------+---------
         Total |       0 |     104 |   0.0 |       0 |      45 |   0.0 |  1454
               +---------+---------+-------+---------+---------+-------+---------
           D:1 |       0 |      51 |   0.0 |       0 |      28 |   0.0 |   749
           D:2 |       0 |      53 |   0.0 |       0 |      17 |   0.0 |   705
               +---------+---------+-------+---------+---------+-------+---------
